 Dungeon Crawl Stone Soup version 0.29.0-4-gdea44cf6ec (webtiles) character file.

Game seed: 2151040646068125021

16683 qw the Grappler (level 12, -6/114 HPs)
             Began as a Troll Cinder Acolyte on Aug 31, 2022.
             Was an Initiate of Ignis.
             Mangled by a death yak (18 damage)
             ... on level 1 of the Lair of Beasts.
             The game lasted 00:05:57 (8997 turns).

qw the Grappler (Troll Cinder Acolyte)              Turns: 8997, Time: 00:05:57

Health: -6/114     AC: 13    Str: 35    XL:     12   Next: 12%
Magic:  12/12      EV:  8    Int: 10    God:    Ignis [......]
Gold:   481        SH:  9    Dex:  5    Spells: 13/13 levels left

rFire   + . .      SeeInvis .     - Unarmed
rCold   . . .      Faith    .   c - +0 kite shield {reflect}
rNeg    . . .      Spirit   .   v - +0 troll leather armour
rPois   .          Reflect  +   (helmet restricted)
rElec   .          Harm     .   (no cloak)
rCorr   .          Rampage  .   (gloves unavailable)
Will    .....                   (boots unavailable)
Stlth   +.........              (no amulet)
HPRegen 1.89/turn               g - +6 ring of strength
MPRegen 0.13/turn               (no ring)

@: fiery-armoured
A: large, unfitting armour, claws 3, regeneration 1, shaggy fur 1, tough skin 1
a: Renounce Religion, Rising Flame


You were on level 1 of the Lair of Beasts.
You worshipped Ignis.
Ignis was noncommittal.
You visited 2 branches of the dungeon, and saw 12 of its levels.
You also visited: Sewer and Ossuary.

You collected 481 gold pieces.


Innate Abilities, Weirdness & Mutations

You are too large for most types of armour.
You have claws for hands.
Your natural rate of healing is unusually fast.
You are covered in fur. (AC +1)
You have tough skin. (AC +1)


   Skills:
 - Level 6.2 Fighting
 + Level 5.3 Throwing
 - Level 1.4 Armour
 - Level 1.0 Dodging
 - Level 10.2 Shields
 - Level 14.0 Unarmed Combat
 - Level 1.0 Spellcasting
 - Level 2.1 Fire Magic


You had 13 spell levels left.
You didn't know any spells.
Your spell library contained the following spells:

 Spells                   Type           Power      Damage    Failure   Level
 Scorch                   Fire           8%         2d5       41%         2

Inventory:

Missiles
 d - 3 large rocks (quivered)
 n - a silver javelin
Armour
 c - a +0 kite shield of reflection (worn)
 e - a +2 robe of cold resistance
 v - a +0 troll leather armour (worn)
Jewellery
 g - a +6 ring of strength (left claw)
 l - a ring of ice
Scrolls
 a - 3 scrolls of enchant weapon
 k - a scroll of enchant armour
 o - 2 scrolls of identify
Potions
 b - a potion of heal wounds
 f - a potion of haste
 h - 6 potions of curing
 i - a potion of might
 j - a potion of resistance
 m - a potion of invisibility {unknown}
 p - a potion of brilliance {unknown}

Dungeon Overview and Level Annotations

Branches:
Dungeon (11/15)            Temple (0/1) D:5            Lair (1/5) D:11
    Orc (0/2) D:11          Sewer (visited)         Ossuary (visited)

Altars:
Ashenzari
Cheibriados
Dithmenos
Gozag
Hepliaklqana
Makhleb
Qazlal
Sif Muna
Vehumet
Wu Jian
Yredelemnul


Message History

You claw the death yak!
The death yak is heavily wounded.
The death yak gores you!!
The death yak is burned by your cloak of flames.
The death yak is severely wounded.
You claw the death yak!
The death yak is severely wounded.
You claw the death yak!
The death yak is almost dead.
The death yak gores you!!
The death yak is burned by your cloak of flames.
You kill the death yak!
Your Fighting skill increases to level 6!
8991 ||| DRINKING 3 potions of heal wounds.
You feel much better.
The death yak gores you but does no damage.
You block the death yak's attack.
You scratch the death yak but do no damage.
The death yak is heavily wounded.
The death yak gores you but does no damage.
You block the death yak's attack.
You claw the death yak!
The death yak is severely wounded.
The death yak gores you!! The death yak completely misses you.
You barely miss the death yak.
The death yak is severely wounded.
You mangle the death yak!!
The death yak is almost dead.
The death yak gores you! The death yak barely misses you.
8996 ||| DRINKING 2 potions of heal wounds.
You feel much better.
The death yak gores you but does no damage.
The death yak gores you!
You completely miss the death yak.
The death yak is almost dead.
The death yak gores you!!
The death yak is burned by your cloak of flames.
The death yak is almost dead.
The death yak gores you!!
You die...

#..............##.........(...(
#...>.....##...###..#...##.#.Y.
#.........#....# #......# ..
..........##...# #......# YY
#.........#....# #..#...#
..........##...P #!.P./.# ....#
..##...###......# ....#
#.##....YY......# ....#
#..#...#@#.......... ....#
#.##...###.....##P#.. #. ....#
#.##...# #.....# ##... #.
....#####.##..)# #.....# #...##.
....P##....#...# #.....# #......
.....)%.......%# #.....# #......
....##.#.......###.....####......
....####...##...##.....P##.......
.....# #...##..###.##..P #P......


You could see 2 death yaks.

Vanquished Creatures
  Fannar (Lair:1)
  A hydra (Lair:1)
  2 two-headed ogres
  3 death yaks (Lair:1)
  Nergalle (Lair:1)
  Pikel (D:5)
  2 cyclopes (D:11)
  3 black mambas (Lair:1)
  A cane toad (Lair:1)
  A komodo dragon (Lair:1)
  2 kobold demonologists
  2 trolls
  5 blink frogs (Lair:1)
  Sigmund (D:5)
  6 yaks (D:11)
  A wyvern (D:11)
  A wraith (Ossuary)
  2 basilisks
  2 vampire mosquitoes (D:11)
  Edmund (D:6)
  2 acid dragons
  14 water moccasins
  A sky beast (D:7)
  A black bear (D:6)
  An ogre (D:4)
  4 phantoms
  5 wolves (Lair:1)
  3 centaurs
  A lemure (D:5)
  Blork the orc (D:4)
  8 kobold brigands
  3 bullfrogs
  3 gnoll sergeants
  3 scorpions
  2 necrophages
  3 wights (D:8)
  5 killer bees (D:9)
  3 howler monkeys
  A crimson imp (D:8)
  2 gnoll boudas
  An orc priest (D:4)
  2 jellies (D:5)
  2 hounds
  4 iguanas
  5 orc wizards
  A mummy (Ossuary)
  19 gnolls
  8 adders
  4 river rats (Sewer)
  A white imp (D:8)
  2 ufetubi (D:5)
  2 worms
  2 dart slugs
  25 orcs
  4 ball pythons
  5 endoplasms
  4 giant cockroaches
  5 goblins
  7 hobgoblins
  6 jackals
  25 kobolds
  3 quokkas
  5 bats
  6 frilled lizards
  7 gnoll skeletons (Ossuary)
  6 kobold skeletons (Ossuary)
  12 orc skeletons (Ossuary)
  9 rats
  A spectral orc (D:6)
288 creatures vanquished.

Vanquished Creatures (collateral kills)
  A worm (D:4)
1 creature vanquished.

Vanquished Creatures (others)
  6 fungi
  26 plants
32 creatures vanquished.

Grand Total: 321 creatures vanquished

Notes
Turn   | Place    | Note
-------+----------+-------------------------------------------
     0 | D:1      | qw the Troll Cinder Acolyte began the quest for the Orb.
     0 | D:1      | Reached XP level 1. HP: 22/22 MP: 1/1
     0 | D:1      | 0 ||| qw: Version: 0.1-a-97-g2dd2ca4
     0 | D:1      | 0 ||| qw: Game counter: 4498
     0 | D:1      | 0 ||| qw: Always use a shield: true
     0 | D:1      | 0 ||| qw: God list: Okawaru
     0 | D:1      | 0 ||| qw: Allow faded altars: false
     0 | D:1      | 0 ||| qw: Do Orc after D:15 true
     0 | D:1      | 0 ||| qw: Do second Lair branch before Depths: true
     0 | D:1      | 0 ||| qw: Lair rune preference: random
     0 | D:1      | 0 ||| qw: Plans: Normal
     0 | D:1      | 0 ||| PLANNING D:1-11
   104 | D:1      | Reached XP level 2. HP: 28/29 MP: 2/2
   144 | D:1      | 144 ||| Stepping ~*~*~tactically~*~*~ (outnumbered).
   145 | D:1      | 145 ||| Stepping ~*~*~tactically~*~*~ (outnumbered).
   146 | D:1      | 146 ||| Stepping ~*~*~tactically~*~*~ (outnumbered).
   188 | D:1      | 188 ||| Stepping ~*~*~tactically~*~*~ (stealth).
   196 | D:1      | 196 ||| Stepping ~*~*~tactically~*~*~ (outnumbered).
   197 | D:1      | 197 ||| Stepping ~*~*~tactically~*~*~ (outnumbered).
   204 | D:1      | Reached skill level 4 in Unarmed Combat
   531 | D:1      | Reached XP level 3. HP: 36/36 MP: 3/3
   556 | D:1      | 556 ||| UPGRADING to +0 kite shield of reflection.
   561 | D:1      | 561 ||| DROPPING amulet of magic regeneration.
   562 | D:1      | 562 ||| UPGRADING to +6 ring of strength.
   563 | D:1      | 563 ||| READING scroll labelled YGI PETSOTROCUN.
   564 | D:1      | 564 ||| READING 2 scrolls labelled REREVU ERIAFE.
   569 | D:1      | 569 ||| READING scroll labelled QERUFO XINO.
   642 | D:2      | 642 ||| Stepping ~*~*~tactically~*~*~ (stealth).
   643 | D:2      | 643 ||| Stepping ~*~*~tactically~*~*~ (stealth).
   649 | D:2      | 649 ||| Stepping ~*~*~tactically~*~*~ (stealth).
   651 | D:2      | 651 ||| Stepping ~*~*~tactically~*~*~ (hiding).
   655 | D:2      | Reached skill level 1 in Shields
   657 | D:2      | 657 ||| Stepping ~*~*~tactically~*~*~ (outnumbered).
   658 | D:2      | 658 ||| Stepping ~*~*~tactically~*~*~ (outnumbered).
   664 | D:2      | Reached XP level 4. HP: 36/44 MP: 4/4
   664 | D:2      | 664 ||| Stepping ~*~*~tactically~*~*~ (stealth).
   736 | D:2      | 736 ||| Stepping ~*~*~tactically~*~*~ (stealth).
   863 | D:2      | Found an opulent altar of Gozag.
  1135 | D:2      | 1135 ||| Stepping ~*~*~tactically~*~*~ (stealth).
  1310 | D:2      | Reached skill level 3 in Shields
  1392 | D:2      | 1392 ||| READING scroll labelled SADEXE UZUASM.
  1457 | D:3      | 1457 ||| Stepping ~*~*~tactically~*~*~ (hiding).
  1460 | D:3      | 1460 ||| Stepping ~*~*~tactically~*~*~ (hiding).
  1470 | D:3      | 1470 ||| INVOKING Fiery Armour.
  1594 | D:3      | Reached skill level 1 in Throwing
  1594 | D:3      | Reached XP level 5. HP: 50/50 MP: 5/5
  1882 | D:3      | 1882 ||| READING scroll labelled HOCKUS SENIGI.
  1883 | D:3      | 1883 ||| READING scroll labelled KOFIEQ NYXTU.
  1908 | D:3      | 1908 ||| READING scroll labelled EQELIDE AJIFAFE.
  1909 | D:3      | 1909 ||| DRINKING 2 brown potions.
  1928 | D:4      | 1928 ||| PLANNING SEWER
  1930 | D:4      | Noticed an ogre
  1932 | D:4      | Noticed Blork the orc
  1933 | D:4      | 1933 ||| INVOKING Fiery Armour.
  1937 | D:4      | Killed an ogre
  1938 | D:4      | Reached XP level 6. HP: 59/59 MP: 6/6
  1940 | D:4      | Killed Blork the orc
  2027 | D:4      | Reached skill level 5 in Unarmed Combat
  2045 | D:4      | 2045 ||| Stepping ~*~*~tactically~*~*~ (outnumbered).
  2046 | D:4      | 2046 ||| Stepping ~*~*~tactically~*~*~ (outnumbered).
  2047 | D:4      | 2047 ||| Stepping ~*~*~tactically~*~*~ (outnumbered).
  2049 | D:4      | 2049 ||| Stepping ~*~*~tactically~*~*~ (outnumbered).
  2050 | D:4      | 2050 ||| Stepping ~*~*~tactically~*~*~ (outnumbered).
  2052 | D:4      | 2052 ||| Stepping ~*~*~tactically~*~*~ (outnumbered).
  2053 | D:4      | 2053 ||| Stepping ~*~*~tactically~*~*~ (outnumbered).
  2054 | D:4      | 2054 ||| Stepping ~*~*~tactically~*~*~ (outnumbered).
  2170 | D:4      | 2170 ||| INVOKING Fiery Armour.
  2173 | D:4      | 2173 ||| Stepping ~*~*~tactically~*~*~ (outnumbered).
  2174 | D:4      | 2174 ||| Stepping ~*~*~tactically~*~*~ (outnumbered).
  2175 | D:4      | 2175 ||| Stepping ~*~*~tactically~*~*~ (outnumbered).
  2179 | D:4      | 2179 ||| Stepping ~*~*~tactically~*~*~ (outnumbered).
  2180 | D:4      | 2180 ||| Stepping ~*~*~tactically~*~*~ (outnumbered).
  2263 | D:4      | Found a glowing drain.
  2264 | D:4      | 2264 ||| READING scroll labelled BECUD TUSEXZO.
  2265 | D:4      | 2265 ||| DRINKING 2 green potions.
  2269 | D:4      | 2269 ||| INVOKING Fiery Armour.
  2304 | Sewer    | Entered a sewer
  2312 | Sewer    | Reached XP level 7. HP: 58/66 MP: 7/7
  2315 | Sewer    | Reached skill level 6 in Unarmed Combat
  2428 | Sewer    | Found a white marble altar of Elyvilon.
  2467 | D:4      | 2467 ||| PLANNING D:1-11
  2616 | D:5      | Entered Level 5 of the Dungeon
  2617 | D:5      | 2617 ||| PLANNING OSSUARY
  2746 | D:5      | 2746 ||| Stepping ~*~*~tactically~*~*~ (stealth).
  2753 | D:5      | Reached skill level 7 in Unarmed Combat
  2844 | D:5      | Noticed Pikel
  2854 | D:5      | 2854 ||| Stepping ~*~*~tactically~*~*~ (outnumbered).
  2855 | D:5      | 2855 ||| Stepping ~*~*~tactically~*~*~ (outnumbered).
  2856 | D:5      | 2856 ||| Stepping ~*~*~tactically~*~*~ (outnumbered).
  2864 | D:5      | Killed Pikel
  2865 | D:5      | Reached XP level 8. HP: 49/74 MP: 8/8
  2868 | D:5      | 2868 ||| INVOKING Fiery Armour.
  2915 | D:5      | Found a sand-covered staircase.
  2923 | Ossuary  | Entered an ossuary
  2932 | Ossuary  | 2932 ||| Stepping ~*~*~tactically~*~*~ (outnumbered).
  2933 | Ossuary  | 2933 ||| Stepping ~*~*~tactically~*~*~ (outnumbered).
  2935 | Ossuary  | 2935 ||| Stepping ~*~*~tactically~*~*~ (outnumbered).
  2936 | Ossuary  | 2936 ||| Stepping ~*~*~tactically~*~*~ (outnumbered).
  2937 | Ossuary  | 2937 ||| Stepping ~*~*~tactically~*~*~ (outnumbered).
  2955 | Ossuary  | 2955 ||| Stepping ~*~*~tactically~*~*~ (outnumbered).
  3007 | Ossuary  | 3007 ||| Stepping ~*~*~tactically~*~*~ (outnumbered).
  3009 | Ossuary  | 3009 ||| Stepping ~*~*~tactically~*~*~ (outnumbered).
  3050 | Ossuary  | 3050 ||| Stepping ~*~*~tactically~*~*~ (stealth).
  3065 | Ossuary  | 3065 ||| Stepping ~*~*~tactically~*~*~ (stealth).
  3068 | Ossuary  | 3068 ||| READING scroll labelled WUYREERR XEYHI.
  3069 | Ossuary  | 3069 ||| READING scroll labelled ZIORCH OGHISANO.
  3070 | Ossuary  | 3070 ||| READING 2 scrolls of teleportation.
  3101 | Ossuary  | 3101 ||| READING scroll of teleportation.
  3106 | Ossuary  | 3106 ||| Stepping randomly (stuck).
  3112 | Ossuary  | 3112 ||| Stepping randomly (stuck).
  3113 | Ossuary  | 3113 ||| Stepping randomly (stuck).
  3114 | Ossuary  | 3114 ||| Stepping randomly (stuck).
  3115 | Ossuary  | 3115 ||| Stepping randomly (stuck).
  3116 | Ossuary  | 3116 ||| Stepping randomly (stuck).
  3147 | Ossuary  | 3147 ||| INVOKING Fiery Armour.
  3151 | Ossuary  | 3151 ||| Stepping ~*~*~tactically~*~*~ (outnumbered).
  3214 | Ossuary  | 3214 ||| READING 3 scrolls labelled MEUWIM MEMYHUA.
  3230 | D:5      | 3230 ||| PLANNING D:1-11
  3267 | D:5      | Found a staircase to the Ecumenical Temple.
  3281 | D:5      | 3281 ||| Stepping ~*~*~tactically~*~*~ (hiding).
  3286 | D:5      | 3286 ||| FLEEEEING.
  3291 | D:5      | Reached skill level 8 in Unarmed Combat
  3330 | D:5      | 3330 ||| Stepping ~*~*~tactically~*~*~ (hiding).
  3420 | D:5      | Noticed Sigmund
  3421 | D:5      | Reached skill level 3 in Fighting
  3421 | D:5      | 3421 ||| FLEEEEING.
  3422 | D:5      | 3422 ||| FLEEEEING.
  3423 | D:5      | 3423 ||| FLEEEEING.
  3426 | D:5      | 3426 ||| FLEEEEING.
  3429 | D:5      | 3429 ||| FLEEEEING.
  3430 | D:5      | 3430 ||| FLEEEEING.
  3431 | D:5      | 3431 ||| FLEEEEING.
  3485 | D:5      | 3485 ||| Stepping ~*~*~tactically~*~*~ (hiding).
  3494 | D:5      | 3494 ||| Stepping ~*~*~tactically~*~*~ (outnumbered).
  3538 | D:5      | 3538 ||| DRINKING 5 potions of curing.
  3538 | D:5      | 3538 ||| (to cure confusion)
  3545 | D:5      | 3545 ||| DRINKING 4 potions of curing.
  3545 | D:5      | 3545 ||| (to cure confusion)
  3552 | D:5      | Killed Sigmund
  3553 | D:5      | Reached XP level 9. HP: 55/81 MP: 9/9
  4035 | D:5      | 4035 ||| UPGRADING to +1 robe of positive energy.
  4045 | D:5      | 4045 ||| DROPPING +0 robe.
  4199 | D:6      | Reached skill level 9 in Unarmed Combat
  4445 | D:6      | Reached skill level 1 in Dodging
  4529 | D:6      | Noticed Edmund
  4533 | D:6      | 4533 ||| Stepping ~*~*~tactically~*~*~ (stealth).
  4539 | D:6      | Killed Edmund
  4541 | D:6      | 4541 ||| Stepping ~*~*~tactically~*~*~ (stealth).
  4559 | D:6      | Found a hazy altar of Hepliaklqana.
  4866 | D:6      | Found an ornate altar of the Wu Jian Council.
  4874 | D:6      | 4874 ||| READING 3 scrolls labelled NEPEWI TUSH.
  4975 | D:6      | 4975 ||| DRINKING 2 bubbling inky potions.
  4976 | D:6      | 4976 ||| DROPPING 2 scrolls of silence.
  5279 | D:7      | 5279 ||| Stepping ~*~*~tactically~*~*~ (outnumbered).
  5463 | D:7      | Reached skill level 10 in Unarmed Combat
  5634 | D:7      | Found a shimmering blue altar of Sif Muna.
  5712 | D:7      | 5712 ||| DROPPING +6 ring of intelligence.
  5713 | D:7      | 5713 ||| READING 2 scrolls of identify.
  5713 | D:7      | 5713 ||| IDENTIFYING bubbling amethyst potion
  5714 | D:7      | 5714 ||| DROPPING potion of degeneration.
  5763 | D:8      | Found a burning altar of Makhleb.
  5764 | D:8      | Found a radiant altar of Vehumet.
  5791 | D:8      | 5791 ||| Stepping ~*~*~tactically~*~*~ (hiding).
  5792 | D:8      | 5792 ||| Stepping ~*~*~tactically~*~*~ (hiding).
  5793 | D:8      | 5793 ||| Stepping ~*~*~tactically~*~*~ (hiding).
  5860 | D:8      | 5860 ||| Stepping ~*~*~tactically~*~*~ (hiding).
  5869 | D:8      | 5869 ||| Stepping ~*~*~tactically~*~*~ (hiding).
  5874 | D:8      | Reached skill level 3 in Throwing
  5874 | D:8      | 5874 ||| Stepping ~*~*~tactically~*~*~ (stealth).
  5886 | D:8      | 5886 ||| Stepping ~*~*~tactically~*~*~ (stealth).
  5907 | D:8      | 5907 ||| Stepping ~*~*~tactically~*~*~ (stealth).
  5971 | D:8      | 5971 ||| Stepping ~*~*~tactically~*~*~ (stealth).
  5977 | D:8      | 5977 ||| Stepping ~*~*~tactically~*~*~ (stealth).
  5994 | D:8      | 5994 ||| Stepping ~*~*~tactically~*~*~ (outnumbered).
  6001 | D:8      | 6001 ||| Stepping ~*~*~tactically~*~*~ (outnumbered).
  6003 | D:8      | 6003 ||| Stepping ~*~*~tactically~*~*~ (outnumbered).
  6005 | D:8      | 6005 ||| Stepping ~*~*~tactically~*~*~ (outnumbered).
  6007 | D:8      | 6007 ||| Stepping ~*~*~tactically~*~*~ (outnumbered).
  6015 | D:8      | 6015 ||| Stepping ~*~*~tactically~*~*~ (outnumbered).
  6016 | D:8      | 6016 ||| Stepping ~*~*~tactically~*~*~ (outnumbered).
  6018 | D:8      | 6018 ||| Stepping ~*~*~tactically~*~*~ (outnumbered).
  6083 | D:8      | 6083 ||| Stepping ~*~*~tactically~*~*~ (stealth).
  6107 | D:8      | 6107 ||| FLEEEEING.
  6108 | D:8      | 6108 ||| FLEEEEING.
  6109 | D:8      | 6109 ||| FLEEEEING.
  6110 | D:8      | 6110 ||| FLEEEEING.
  6111 | D:8      | 6111 ||| FLEEEEING.
  6112 | D:8      | 6112 ||| FLEEEEING.
  6113 | D:8      | 6113 ||| FLEEEEING.
  6114 | D:8      | 6114 ||| FLEEEEING.
  6115 | D:8      | 6115 ||| FLEEEEING.
  6116 | D:8      | 6116 ||| FLEEEEING.
  6117 | D:8      | 6117 ||| FLEEEEING.
  6118 | D:8      | 6118 ||| FLEEEEING.
  6119 | D:8      | 6119 ||| FLEEEEING.
  6120 | D:8      | 6120 ||| FLEEEEING.
  6121 | D:8      | 6121 ||| FLEEEEING.
  6122 | D:8      | 6122 ||| FLEEEEING.
  6123 | D:8      | 6123 ||| FLEEEEING.
  6124 | D:8      | 6124 ||| FLEEEEING.
  6125 | D:8      | 6125 ||| STAIRDANCE
  6285 | D:8      | You fall into a shaft and drop 3 floors!
  6391 | D:11     | Found a stormy altar of Qazlal.
  6446 | D:11     | 6446 ||| Stepping ~*~*~tactically~*~*~ (outnumbered).
  6447 | D:11     | 6447 ||| Stepping ~*~*~tactically~*~*~ (outnumbered).
  6448 | D:11     | 6448 ||| Stepping ~*~*~tactically~*~*~ (outnumbered).
  6449 | D:11     | 6449 ||| Stepping ~*~*~tactically~*~*~ (outnumbered).
  6450 | D:11     | 6450 ||| Stepping ~*~*~tactically~*~*~ (outnumbered).
  6453 | D:11     | 6453 ||| INVOKING Fiery Armour.
  6461 | D:11     | HP: 19/84 [poisoned by a water moccasin]
  6462 | D:11     | Reached XP level 10. HP: 20/93 MP: 10/10
  6462 | D:11     | 6462 ||| READING 2 scrolls of teleportation.
  6463 | D:11     | 6463 ||| DRINKING 9 potions of heal wounds.
  6561 | D:11     | 6561 ||| Stepping ~*~*~tactically~*~*~ (outnumbered).
  6562 | D:11     | 6562 ||| Stepping ~*~*~tactically~*~*~ (outnumbered).
  6563 | D:11     | 6563 ||| Stepping ~*~*~tactically~*~*~ (outnumbered).
  6564 | D:11     | 6564 ||| Stepping ~*~*~tactically~*~*~ (outnumbered).
  6565 | D:11     | 6565 ||| Stepping ~*~*~tactically~*~*~ (outnumbered).
  6566 | D:11     | 6566 ||| Stepping ~*~*~tactically~*~*~ (outnumbered).
  6567 | D:11     | 6567 ||| Stepping ~*~*~tactically~*~*~ (outnumbered).
  6571 | D:11     | Reached skill level 11 in Unarmed Combat
  6614 | D:11     | Noticed a two-headed ogre
  6624 | D:11     | Killed a two-headed ogre
  6625 | D:11     | 6625 ||| STAIRDANCE
  6626 | D:10     | Entered Level 10 of the Dungeon
  6626 | D:10     | Found a snail-covered altar of Cheibriados.
  6626 | D:10     | Found a basalt altar of Yredelemnul.
  6626 | D:10     | Found a shadowy altar of Dithmenos.
  6626 | D:10     | Found a broken altar of Ashenzari.
  6683 | D:11     | Found a staircase to the Lair.
  6711 | D:11     | Reached skill level 9 in Shields
  6760 | D:11     | Found a staircase to the Orcish Mines.
  6800 | D:11     | Noticed a cyclops
  6807 | D:11     | 6807 ||| FLEEEEING.
  6808 | D:11     | 6808 ||| FLEEEEING.
  6809 | D:11     | 6809 ||| FLEEEEING.
  6810 | D:11     | 6810 ||| FLEEEEING.
  6811 | D:11     | 6811 ||| FLEEEEING.
  6812 | D:11     | 6812 ||| FLEEEEING.
  6828 | D:11     | 6828 ||| FLEEEEING.
  6829 | D:11     | 6829 ||| FLEEEEING.
  6888 | D:11     | Killed a cyclops
  6932 | D:11     | Noticed an orange demon
  6936 | D:11     | 6936 ||| Stepping ~*~*~tactically~*~*~ (outnumbered).
  6947 | D:11     | 6947 ||| INVOKING Fiery Armour.
  7104 | D:11     | Noticed a cyclops
  7110 | D:11     | Killed a cyclops
  7307 | D:11     | 7307 ||| Stepping ~*~*~tactically~*~*~ (stealth).
  7308 | D:11     | 7308 ||| Stepping ~*~*~tactically~*~*~ (stealth).
  7499 | D:11     | 7499 ||| UPGRADING to +0 troll leather armour.
  7509 | D:11     | 7509 ||| DROPPING +1 robe of positive energy.
  7510 | D:11     | 7510 ||| READING scroll labelled NENOIV GI SUROLY.
  7511 | D:11     | 7511 ||| READING scroll labelled DES CEWERURCH.
  7512 | D:11     | 7512 ||| READING scroll labelled RUILUROADA.
  7513 | D:11     | 7513 ||| DRINKING 2 metallic ruby potions.
  7514 | D:11     | 7514 ||| READING 2 scrolls of identify.
  7514 | D:11     | 7514 ||| IDENTIFYING metallic cyan potion
  7515 | D:11     | 7515 ||| DROPPING potion of attraction.
  7557 | D:10     | 7557 ||| Stepping ~*~*~tactically~*~*~ (stealth).
  7685 | D:10     | 7685 ||| Stepping ~*~*~tactically~*~*~ (hiding).
  7692 | D:10     | 7692 ||| Stepping ~*~*~tactically~*~*~ (outnumbered).
  7696 | D:10     | Reached skill level 1 in Armour
  7696 | D:10     | Noticed a two-headed ogre
  7699 | D:10     | 7699 ||| INVOKING Fiery Armour.
  7699 | D:10     | HP: 23/93 [two-headed ogre/+0 giant spiked club (11)]
  7700 | D:10     | 7700 ||| READING scroll of teleportation.
  7701 | D:10     | 7701 ||| DRINKING 8 potions of heal wounds.
  7702 | D:10     | HP: 2/93 [two-headed ogre/+0 giant spiked club (16)]
  7703 | D:10     | Reached skill level 12 in Unarmed Combat
  7703 | D:10     | 7703 ||| DRINKING 7 potions of heal wounds.
  7705 | D:10     | 7705 ||| DRINKING 6 potions of heal wounds.
  7709 | D:10     | 7709 ||| FLEEEEING.
  7710 | D:10     | 7710 ||| FLEEEEING.
  7711 | D:10     | 7711 ||| FLEEEEING.
  7712 | D:10     | 7712 ||| FLEEEEING.
  7713 | D:10     | 7713 ||| FLEEEEING.
  7714 | D:10     | 7714 ||| STAIRDANCE
  7777 | D:9      | Reached XP level 11. HP: 101/101 MP: 11/11
  7798 | D:9      | 7798 ||| READING 2 scrolls of identify.
  7798 | D:9      | 7798 ||| IDENTIFYING golden potion
  7799 | D:9      | 7799 ||| DROPPING potion of lignification.
  8074 | D:8      | 8074 ||| INVOKING Fiery Armour.
  8079 | D:8      | Noticed a soul eater
  8231 | D:8      | 8231 ||| PLANNING LAIR
  8231 | D:8      | 8231 ||| READING 2 scrolls of identify.
  8231 | D:8      | 8231 ||| IDENTIFYING fizzy grey potion
  8295 | D:10     | Killed a two-headed ogre
  8296 | D:10     | 8296 ||| STAIRDANCE
  8396 | Lair:1   | Entered Level 1 of the Lair of Beasts
  8436 | Lair:1   | Noticed Fannar
  8446 | Lair:1   | 8446 ||| Stepping ~*~*~tactically~*~*~ (outnumbered).
  8449 | Lair:1   | 8449 ||| INVOKING Fiery Armour.
  8450 | Lair:1   | 8450 ||| Stepping ~*~*~tactically~*~*~ (outnumbered).
  8451 | Lair:1   | 8451 ||| Stepping ~*~*~tactically~*~*~ (outnumbered).
  8452 | Lair:1   | 8452 ||| Stepping ~*~*~tactically~*~*~ (outnumbered).
  8453 | Lair:1   | 8453 ||| Stepping ~*~*~tactically~*~*~ (outnumbered).
  8454 | Lair:1   | 8454 ||| Stepping ~*~*~tactically~*~*~ (outnumbered).
  8455 | Lair:1   | 8455 ||| Stepping ~*~*~tactically~*~*~ (outnumbered).
  8456 | Lair:1   | 8456 ||| Stepping ~*~*~tactically~*~*~ (outnumbered).
  8458 | Lair:1   | 8458 ||| Stepping ~*~*~tactically~*~*~ (outnumbered).
  8459 | Lair:1   | 8459 ||| Stepping ~*~*~tactically~*~*~ (outnumbered).
  8460 | Lair:1   | 8460 ||| Stepping ~*~*~tactically~*~*~ (outnumbered).
  8461 | Lair:1   | 8461 ||| Stepping ~*~*~tactically~*~*~ (outnumbered).
  8466 | Lair:1   | 8466 ||| Stepping ~*~*~tactically~*~*~ (outnumbered).
  8467 | Lair:1   | 8467 ||| Stepping ~*~*~tactically~*~*~ (outnumbered).
  8475 | Lair:1   | HP: 25/102 [komodo dragon (2)]
  8476 | Lair:1   | 8476 ||| DRINKING 5 potions of heal wounds.
  8477 | Lair:1   | Killed Fannar
  8477 | Lair:1   | HP: 7/102 [komodo dragon (22)]
  8478 | Lair:1   | 8478 ||| DRINKING 4 potions of heal wounds.
  8524 | Lair:1   | 8524 ||| Stepping ~*~*~tactically~*~*~ (stealth).
  8531 | Lair:1   | 8531 ||| Stepping ~*~*~tactically~*~*~ (hiding).
  8544 | Lair:1   | 8544 ||| DRINKING potion of cancellation.
  8607 | Lair:1   | Reached skill level 13 in Unarmed Combat
  8700 | Lair:1   | Noticed Nergalle
  8701 | Lair:1   | 8701 ||| Stepping ~*~*~tactically~*~*~ (hiding).
  8717 | Lair:1   | Killed Nergalle
  8751 | Lair:1   | Found the +8 whip "Snakebite" {venom, curare, rPois}
  8809 | Lair:1   | 8809 ||| Stepping ~*~*~tactically~*~*~ (stealth).
  8810 | Lair:1   | 8810 ||| INVOKING Fiery Armour.
  8814 | Lair:1   | 8814 ||| Stepping ~*~*~tactically~*~*~ (outnumbered).
  8815 | Lair:1   | 8815 ||| Stepping ~*~*~tactically~*~*~ (outnumbered).
  8905 | Lair:1   | 8905 ||| Stepping ~*~*~tactically~*~*~ (stealth).
  8940 | Lair:1   | Noticed a four-headed hydra
  8941 | Lair:1   | 8941 ||| INVOKING Fiery Armour.
  8949 | Lair:1   | Killed an eight-headed hydra
  8950 | Lair:1   | Reached skill level 14 in Unarmed Combat
  8960 | Lair:1   | Noticed a death yak
  8961 | Lair:1   | 8961 ||| Stepping ~*~*~tactically~*~*~ (stealth).
  8961 | Lair:1   | Noticed a death yak
  8962 | Lair:1   | 8962 ||| Stepping ~*~*~tactically~*~*~ (stealth).
  8962 | Lair:1   | Noticed a death yak
  8963 | Lair:1   | Noticed a death yak
  8963 | Lair:1   | Noticed a death yak
  8964 | Lair:1   | 8964 ||| Stepping ~*~*~tactically~*~*~ (stealth).
  8964 | Lair:1   | Noticed a death yak
  8965 | Lair:1   | 8965 ||| Stepping ~*~*~tactically~*~*~ (stealth).
  8970 | Lair:1   | 8970 ||| Stepping ~*~*~tactically~*~*~ (outnumbered).
  8971 | Lair:1   | 8971 ||| Stepping ~*~*~tactically~*~*~ (outnumbered).
  8972 | Lair:1   | 8972 ||| Stepping ~*~*~tactically~*~*~ (outnumbered).
  8973 | Lair:1   | 8973 ||| Stepping ~*~*~tactically~*~*~ (outnumbered).
  8974 | Lair:1   | 8974 ||| Stepping ~*~*~tactically~*~*~ (outnumbered).
  8976 | Lair:1   | 8976 ||| Stepping ~*~*~tactically~*~*~ (outnumbered).
  8977 | Lair:1   | 8977 ||| Stepping ~*~*~tactically~*~*~ (outnumbered).
  8981 | Lair:1   | 8981 ||| Stepping ~*~*~tactically~*~*~ (outnumbered).
  8982 | Lair:1   | 8982 ||| Stepping ~*~*~tactically~*~*~ (outnumbered).
  8984 | Lair:1   | Killed a death yak
  8985 | Lair:1   | Reached XP level 12. HP: 55/111 MP: 12/12
  8987 | Lair:1   | Killed a death yak
  8990 | Lair:1   | HP: 28/113 [death yak (20)]
  8990 | Lair:1   | Killed a death yak
  8991 | Lair:1   | Reached skill level 6 in Fighting
  8991 | Lair:1   | 8991 ||| DRINKING 3 potions of heal wounds.
  8995 | Lair:1   | HP: 20/114 [death yak (14)]
  8996 | Lair:1   | 8996 ||| DRINKING 2 potions of heal wounds.
  8997 | Lair:1   | Mangled by a death yak

Levels and vault maps discovered:
D:1:      dpeg_arrival_rooms_b, layout_basic, minmay_tall_x
D:2:      layout_loops_cross, basic_altar, cheibrodos_gnoll_hut
D:3:      layout_rooms
D:4:      layout_rooms, cheibrodos_sewer_entry_bend, uniq_blork_the_orc
D:5:      layout_loops_ring, minmay_temple_entry_enclosed_plants,
          enter_ossuary_3, uniq_pikel, uniq_sigmund
D:6:      layout_basic, nicolae_hepliaklqana_monster_ancestors,
          pdpol_wu_jian_five_deadly_venoms, uniq_edmund
D:7:      layout_gridville, nicolae_sif_muna_condensation, kennysheep_boxes
D:8:      layout_basic, grunt_temple_overflow_lords_of_destruction, special_room
          [special_room_kobold], nicolae_grassy_gnolls
D:9:      layout_basic, supply_closet_lemuel, minmay_holes
D:10:     nicolae_cairo_tiling_large_dashed, layout_long_grid,
          nicolae_overflow_hidden_temple, kennysheep_generic_room_9
D:11:     layout_stronghold, minmay_lair_entry_grove, orc_0_dummy,
          minmay_stone_trees_medium, nicolae_qazlal_style_of_elements
Lair:1:   minmay_guarded_unrand_snakebite, layout_long_grid, uniq_fannar,
          uniq_nergalle

Skill      XL: |  1  2  3  4  5  6  7  8  9 10 11 12 |
---------------+-------------------------------------+-----
Unarmed Combat | 4 5 7 8 10 12 14 | 14.0
Shields        | 2 3 4 7 8 9 10 | 10.2
Throwing       | 1 2 3 4 5 |  5.3
Fighting       | 3 4 5 6 |  6.2
Dodging        | 1 |  1.0
Armour         | 1 |  1.4
Spellcasting   | |  1.0
Fire Magic     | |  2.1

Action                   |  1- 3 |  4- 6 |  7- 9 | 10-12 || total
-------------------------+-------+-------+-------+-------++-------
Melee: Unarmed           |    78 |   126 |   325 |   301 ||   830
       Punch             |     1 |       |       |       ||     1
Throw: Javelin           |       |    25 |    23 |     1 ||    49
       Boomerang         |       |       |    55 |     8 ||    63
       Large rock        |       |       |       |    32 ||    32
Invok: Fiery Armour      |       |     4 |     3 |     6 ||    13
  Use: Scroll            |     3 |     5 |     7 |     8 ||    23
       Potion            |       |     2 |     3 |    10 ||    15
Armor: Robe              |    23 |    41 |    51 |    34 ||   149
       Troll leather arm |       |       |       |    61 ||    61
Dodge: Dodged            |    29 |    40 |    82 |    99 ||   250
Block: Kite shield       |     2 |    42 |   103 |   126 ||   273
       Reflection        |       |     1 |     3 |     6 ||    10

Table legend:
 A = Non-vault XP
 B = Vault XP
 C = Vault XP percentage of total XP
 D = Non-vault monster count
 E = Vault monster count
 F = Vault count percentage of total count
                 A         B        C        D         E       F
            +---------+---------+-------+---------+---------+-------
      Total |   15112 |    8721 |  36.6 |     190 |      98 |  34.0
            +---------+---------+-------+---------+---------+-------
        D:1 |      34 |       7 |  17.1 |      19 |       4 |  17.4
        D:2 |     109 |      19 |  14.8 |      24 |       3 |  11.1
        D:3 |     114 |       0 |   0.0 |      16 |       0 |   0.0
        D:4 |     333 |     106 |  24.1 |      25 |       3 |  10.7
        D:5 |    1010 |     911 |  47.4 |      24 |       2 |   7.7
        D:6 |     482 |     166 |  25.6 |       8 |       3 |  27.3
        D:7 |     361 |       0 |   0.0 |       8 |       0 |   0.0
        D:8 |     670 |    1058 |  61.2 |      20 |      14 |  41.2
        D:9 |     305 |       0 |   0.0 |       5 |       0 |   0.0
       D:10 |    1466 |       0 |   0.0 |       7 |       0 |   0.0
       D:11 |    3161 |    2255 |  41.6 |      12 |      12 |  50.0
     Lair:1 |    7067 |    3793 |  34.9 |      22 |      15 |  40.5
      Sewer |       0 |     160 | 100.0 |       0 |      15 | 100.0
    Ossuary |       0 |     246 | 100.0 |       0 |      27 | 100.0
            +---------+---------+-------+---------+---------+-------
